 Dungeon Crawl Stone Soup version 0.19-a0-675-gf8984cf (webtiles) character file.

751 dynamoDes the Chopper (level 7, -6/40 HPs)
             Began as a Gargoyle Gladiator on June 16, 2016.
             Was a Follower of Okawaru.
             Splashed by a jelly's acid (8 damage)
             ... on level 5 of the Dungeon.
             The game lasted 00:23:07 (3760 turns).

dynamoDes the Chopper (Gargoyle Gladiator)          Turns: 3760, Time: 00:23:09

Health: -6/40      AC: -5    Str: 20    XL:     7   Next: 78%
Magic:  7/7        EV:  8    Int:  9    God:    Okawaru [*.....]
Gold:   161        SH:  0    Dex: 12    Spells: 0 memorised, 6 levels left

rFire  . . .     SeeInvis .     a - +0 war axe
rCold  . . .     Gourm    +     A - +0 chain mail
rNeg   + . .     Faith    .     (no shield)
rPois  ∞         Spirit   .     y - +0 helmet
rElec  +         Dismiss  .     (no cloak)
rCorr  .         Reflect  .     (no gloves)
SustAt .         Harm     .     (no boots)
MR     .....                    G - amulet of the gourmand
Stlth  ..........               l - ring of loudness (curse)
                                e - +2 ring of strength

@: corroded, not resistant to hostile enchantments, extremely unstealthy
A: talons 1, negative energy resistance 1, electricity resistance, unbreathing,
petrification resistance, rot immunity, AC +4
a: Heroism, Renounce Religion


You were on level 5 of the Dungeon.
You worshipped Okawaru.
Okawaru was aware of your devotion.
You were completely stuffed.

You visited 1 branch of the dungeon, and saw 5 of its levels.

You collected 161 gold pieces.

Inventory:

Hand Weapons
 a - a +0 war axe (weapon)
 E - a +0 blowgun
Missiles
 d - 3 throwing nets (quivered)
 o - 17 tomahawks
 D - 17 poisoned needles
Armour
 c - a +0 helmet
 k - a +0 ring mail
 s - a +0 leather armour of poison resistance
 y - a +0 helmet (worn)
 A - a +0 chain mail (worn)
Jewellery
 e - a +2 ring of strength (left hand)
 l - a cursed ring of loudness (right hand)
 w - an uncursed ring of flight
 G - an amulet of the gourmand (around neck)
Scrolls
 m - a scroll of identify
 p - a scroll of teleportation
 q - a scroll of amnesia
 u - a scroll of fog {unknown}
 B - a scroll of noise {unknown}
Potions
 b - a potion of might
 g - a potion of agility
 h - 2 potions of curing
 i - a potion of lignification
 n - a potion of haste
 v - a potion of invisibility
 x - a potion of brilliance
 z - a potion of flight
Comestibles
 f - 5 bread rations
 j - 5 fruits
 r - a meat ration
 t - 10 chunks of flesh


   Skills:
 + Level 2.9 Fighting
 * Level 7.5 Axes
 - Level 1.7 Throwing
 + Level 1.6 Armour
 + Level 3.0 Dodging


You had 6 spell levels left.
You didn't know any spells.

Dungeon Overview and Level Annotations

Branches:
Dungeon (5/15)
 Temple: D:4-7

Altars:
Kikubaaqudgha
Okawaru
Pakellas
Qazlal
Trog
Uskayaw
Vehumet
Zin

Shops:
D:4 %(}=:


Innate Abilities, Weirdness & Mutations

You are resistant to torment.
Your stone body is resilient. (AC +4)
You are immune to poison.
You resist negative energy. (rN+)
You are resistant to electric shocks. (rElec)
You can survive without breathing.
You are immune to petrification.
You are immune to rotting.
You have sharp toenails.


Message History

You claw the jelly, but do no damage.
The jelly is moderately wounded.
The jelly hits you.
You are splashed with acid!
The acid corrodes you!
The acid burns!
You hit the jelly.
Your hands burn!
You claw the jelly, but do no damage.
The jelly is severely wounded.
The jelly hits you but does no damage. The jelly barely misses you.
You hit the jelly. The acid corrodes you!
Your hands burn!
* * * LOW HITPOINT WARNING * * *
The jelly is almost dead.
The jelly closely misses you.
You are too injured to fight recklessly!
You are too injured to fight recklessly!
You hit the jelly but do no damage. The acid corrodes you!
Your hands burn!
* * * LOW HITPOINT WARNING * * *
The jelly is almost dead.
The jelly hits you.
* * * LOW HITPOINT WARNING * * *
You are splashed with acid!
The acid burns!
You die...

#)# #######.##.#
##)##########.##.######
#.)...........##......#
##..#############.####.#
#...# #.# #.#
#..########## #.# #.#
#...........# #.# #.#
#.#########.# #.. #.#
#.# #@# ### #.# #.# #J#
#.# #<# #o# #.# ... ...
#.# .. ... #.# ..%.. #.#
..... #.# ##...# ......$
#.# #....># #.#


You could see a jelly and an orc.

Vanquished Creatures
  A phantom (D:5)
  3 howler monkeys
  A crimson imp (D:5)
  A jelly (D:5)
  A wasp zombie (D:5)
  An orc priest (D:5)
  4 orc wizards
  2 worker ants (D:4)
  Robin (D:3)
  13 adders
  A shadow imp (D:5)
  2 worms
  3 dart slugs
  2 giant geckos
  21 orcs
  6 bats
  2 giant cockroaches
  11 goblins
  5 hobgoblins (D:3)
  14 jackals
  2 quokkas
  A ball python (D:4)
  7 kobolds
  A quokka skeleton (D:5)
  3 rats
109 creatures vanquished.

Notes
Turn   | Place    | Note
--------------------------------------------------------------
     0 | D:1      | dynamoDes the Gargoyle Gladiator began the quest for the Orb.
     0 | D:1      | Reached XP level 1. HP: 12/12 MP: 1/1
   178 | D:1      | Reached skill level 3 in Axes
   178 | D:1      | Reached XP level 2. HP: 17/17 MP: 2/2
   710 | D:2      | Found a radiant altar of Vehumet.
   716 | D:2      | Reached XP level 3. HP: 21/21 MP: 3/3
   761 | D:2      | Found a hide-covered altar of Uskayaw.
   842 | D:2      | Reached skill level 4 in Axes
   882 | D:2      | Found a glowing silver altar of Zin.
   897 | D:2      | Found an iron altar of Okawaru.
   906 | D:2      | Became a worshipper of Warmaster Okawaru
   912 | D:2      | Found an oddly glowing altar of Pakellas.
   926 | D:2      | Found a bloodstained altar of Trog.
   957 | D:2      | Reached XP level 4. HP: 26/26 MP: 4/4
  1154 | D:2      | You fall through a shaft!
  1154 | D:3      | Noticed Robin
  1189 | D:3      | Killed Robin
  1189 | D:3      | Reached XP level 5. HP: 10/30 MP: 5/5
  1404 | D:3      | Reached skill level 5 in Axes
  1520 | D:3      | Found a stormy altar of Qazlal.
  1942 | D:3      | Gained mutation: You can translocate small distances at will. [potion of mutation]
  1942 | D:3      | Gained mutation: You have sharp toenails. [potion of mutation]
  1942 | D:3      | Lost mutation: You can translocate small distances at will. [potion of mutation]
  1967 | D:4      | Found Zomamaamm's Gadget Shop.
  2003 | D:4      | Reached XP level 6. HP: 14/35 MP: 6/6
  2007 | D:4      | Reached skill level 6 in Axes
  2436 | D:4      | Found an ancient bone altar of Kikubaaqudgha.
  2440 | D:4      | Found Wesiholu's Book Shop.
  2566 | D:4      | Found Edoqin's Jewellery Shoppe.
  2646 | D:4      | Found Veuni's Food Shoppe.
  2667 | D:4      | Reached * piety under Okawaru
  2807 | D:4      | Found Ebarch's Weapon Emporium.
  3042 | D:5      | Entered Level 5 of the Dungeon
  3055 | D:5      | Reached skill level 7 in Axes
  3055 | D:5      | Reached XP level 7. HP: 36/40 MP: 7/7
  3261 | D:5      | Reached skill level 1 in Armour
  3760 | D:5      | HP: 2/40 [jelly (3)]
  3760 | D:5      | Splashed by a jelly's acid

Vault maps used:
D:1:      elethiomel_arrival_infinity_welcomes_careful_drivers
D:2:      grunt_temple_overflow_cloverleaf, nicolae_overflow_crystal_walls,
          lemuel_round_altar, kennysheep_generic_room_11
D:3:      lemuel_crystal_altar, uniq_robin
D:4:      serial_shops, shop, shop, shop, shop, shop, lemuel_statue_altar
D:5:      kiku_gazebo_pond_becter, first_bread

Skill      XL: |  1  2  3  4  5  6  7 |
---------------+----------------------+-----
Axes           | 3 4 5 7 |  7.5
Armour         | 1 |  1.6
Dodging        | 3 |  3.0
Fighting       | |  2.9
Throwing       | |  1.7

Action                   |  1- 3 |  4- 6 |  7- 9 || total
-------------------------+-------+-------+-------++-------
Melee: War axe           |    55 |   201 |    98 ||   354
       Kick              |       |    29 |    27 ||    56
  Use: Scroll            |       |    12 |       ||    12
       Potion            |       |     5 |       ||     5
  Eat: Chunk             |       |    24 |     3 ||    27
Armor: Leather armour    |    16 |       |       ||    16
       Ring mail         |    23 |   141 |    15 ||   179
       Chain mail        |       |       |    32 ||    32
Dodge: Dodged            |    38 |   185 |    45 ||   268
